 Dungeon Crawl Stone Soup version 0.28-a0-95-g65e1ffefe4 (webtiles) character file.

Game seed: 14206865310757857716

74 Houston the Digger (level 4, -1/36 HPs)
             Began as a Deep Dwarf Earth Elementalist on Aug 8, 2021.
             Slain by an adder (3 damage)
             ... on level 3 of the Dungeon.
             The game lasted 00:15:33 (1663 turns).

Houston the Digger (Deep Dwarf Earth Elementalist)  Turns: 1663, Time: 00:15:35

Health: -1/36      AC:  6    Str: 11    XL:     4   Next: 10%
Magic:  7/7        EV:  9    Int: 17    God:
Gold:   69         SH:  0    Dex: 13    Spells: 3/7 levels left

rFire   . . .      SeeInvis .   k - +0 flail
rCold   . . .      Faith    .   (no shield)
rNeg    . . .      Spirit   .   e - +0 scale mail
rPois   .          Reflect  .   (no helmet)
rElec   .          Harm     .   (no cloak)
rCorr   .          Rampage  .   (no gloves)
Will    .....                   (no boots)
Stlth   +.........              (no amulet)
HPRegen 0.00/turn               (no ring)
MPRegen 0.10/turn               (no ring)

@: lethally poisoned (-1 -> -1)
A: damage resistance, heal wounds, sense surroundings 1, no regeneration
a: Heal Wounds


You were on level 3 of the Dungeon.
You visited 1 branch of the dungeon, and saw 3 of its levels.

You collected 69 gold pieces.

Inventory:

Hand Weapons
 d - a +0 club
 k - a +0 flail (weapon)
 l - a +0 dagger of venom
 m - a +0 short sword
 p - a +3 dagger
Missiles
 c - 30 stones
 n - 8 javelins (quivered)
Armour
 e - a +0 scale mail (worn)
 j - a +0 leather armour
Scrolls
 a - 4 scrolls of identify
Potions
 b - a potion of ambrosia {unknown}
 f - 4 potions of curing
 i - a potion of attraction {unknown}


   Skills:
 + Level 3.0 Dodging
 - Level 3.1 Stealth
 + Level 2.2 Spellcasting
 - Level 1.5 Transmutations
 * Level 4.8 Earth Magic


You had 3 spell levels left.
You knew the following spells:

 Your Spells              Type           Power      Damage    Failure   Level
a - Sandblast             Erth           36%        2d10      16%         1
b - Stone Arrow           Conj/Erth      20%        3d8       78%         3

Your spell library contained the following spells:

 Spells                   Type           Power      Damage    Failure   Level
 Passwall                 Tmut/Erth      10%        N/A       43%         2
 Freeze                   Ice            4%         1d3       77%         1
 Frozen Ramparts          Ice            2%         1d2       98%         3
 Petrify                  Tmut/Erth      12%        N/A       97%         4
 Hailstorm                Conj/Ice       1%         3d3       100%        4


Dungeon Overview and Level Annotations

Branches:
Dungeon (3/15)

Altars:
Ashenzari


Innate Abilities, Weirdness & Mutations

You are resistant to damage.
You can heal yourself by infusing magical energy.
You passively map a small area around you.
You do not regenerate.


Message History

There is a stone staircase leading up here.
You open the door.
There is an open door here.
b - a lumpy grey potion A bat comes into view.
Found a potion of curing.
Found two falchions.
The bat hits you but does no damage.
You are too injured to fight recklessly!
You are too injured to fight recklessly!
You are too injured to fight recklessly!
You are too injured to fight recklessly!
You hit the bat but do no damage. The bat closely misses you.
The bat hits you but does no damage. The bat barely misses you.
The bat barely misses you.
You hit the bat.
You kill the bat!
Your Dodging skill increases to level 3!
An adder comes into view.
Found 22 sling bullets.
The adder hisses angrily.
Press: ? - help, v - describe, . - travel, g - get item Item here: a potion of curing.
The floor.
You hit the adder.
The adder is moderately wounded.
The adder bites you but does no damage. The adder barely misses you.
You closely miss the adder.
The adder is moderately wounded.
The adder bites you.
* * * LOW HITPOINT WARNING * * *
The adder bites you but does no damage.
You hit the adder.
The adder is severely wounded.
The adder bites you.
* * * LOW HITPOINT WARNING * * *
You are poisoned.
The adder poisons you! The adder bites you.
You die...

#...#####'#...#
#...# #.#.###
#...# #.#.#
#...# #.#.#
#...#####.#.#
#.........#.#
##..########.#
#............#
#@############
#S# * ., ,
##.########..,,
#.....S......
#............,
* #.......!....
#.........)..
#..........##
##+.......## *


You could see an adder.

Vanquished Creatures
  A gnoll (D:2)
  2 adders (D:2)
  2 ball pythons (D:2)
  3 bats
  2 endoplasms
  4 giant cockroaches
  6 hobgoblins
  7 kobolds
  2 quokkas
  5 frilled lizards
  6 goblins
  3 rats
43 creatures vanquished.

Notes
Turn   | Place    | Note
-------+----------+-------------------------------------------
     0 | D:1      | Houston the Deep Dwarf Earth Elementalist began the quest
                  | for the Orb.
     0 | D:1      | Reached XP level 1. HP: 15/15 MP: 3/3
    62 | D:1      | Reached skill level 1 in Transmutations
   276 | D:1      | Reached XP level 2. HP: 20/22 MP: 4/4
   942 | D:2      | Reached XP level 3. HP: 14/28 MP: 6/6
   954 | D:2      | Learned a level 3 spell: Stone Arrow
   999 | D:2      | Found a broken altar of Ashenzari.
  1185 | D:2      | Reached XP level 4. HP: 6/36 MP: 3/7
  1663 | D:3      | Slain by an adder

Illustrated notes

Levels and vault maps discovered:
D:1:      evilmike_arrival_crescent, layout_loops_cross
D:2:      layout_basic, minmay_hexomino_r4
D:3:      layout_basic, mainiacjoe_overflow_small_starburst, st_stairs_9

Skill      XL: |  1  2  3  4 |
---------------+-------------+-----
Transmutations | 1 |  1.5
Spellcasting   | 2 |  2.2
Stealth        | 3 |  3.1
Dodging        | 3 |  3.0
Earth Magic    | |  4.8

Action                   |  1- 3 |  4- 6 || total
-------------------------+-------+-------++-------
Melee: Club              |    63 |       ||    63
       Unarmed           |     8 |       ||     8
       Short sword       |    38 |       ||    38
       Flail             |    37 |    12 ||    49
       Dagger            |     7 |       ||     7
Throw: Stone             |    36 |       ||    36
       Javelin           |    27 |     6 ||    33
  Use: Scroll            |     1 |     2 ||     3
       Potion            |     1 |       ||     1
Armor: Robe              |    13 |       ||    13
       Scale mail        |    60 |     6 ||    66
Dodge: Dodged            |    98 |     9 ||   107

Table legend: (Time is in decaauts)
 A = Elapsed time spent in this place.
 B = Non-inter-level travel time spent in this place.
 C = Inter-level travel time spent in this place.
 D = Time resting spent in this place.
 E = Time spent auto-exploring this place.
 F = Levels seen in this place.
 G = Mean time per level.
                   A        B        C        D        E       F      G
               +--------+--------+--------+--------+--------+-----+--------+
         Total |   1726 |   1710 |     16 |      0 |    893 |   3 |  575.3 |
       Dungeon |   1726 |   1710 |     16 |      0 |    893 |   3 |  575.3 |
               +--------+--------+--------+--------+--------+-----+--------+

Top non-repeatable levels by time:
     D:1: 950 daAuts
     D:2: 671 daAuts
     D:3: 105 daAuts
